 Dungeon Crawl Stone Soup version 0.31-a0-187-gba352fbbf7 (webtiles) character file.

Game seed: 13390730024675024592

1906 qw the Markself (level 8, -4/48 HPs)
             Began as a Deep Elf Hunter on June 22, 2023.
             Slain by an orc warrior
             ... wielding a +0 flail
              (5 damage)
             ... on level 7 of the Dungeon.
             The game lasted 00:01:42 (5285 turns).

qw the Markself (Deep Elf Hunter)                   Turns: 5285, Time: 00:01:42

Health: -4/48      AC:  6    Str: 10    XL:     8   Next: 94%
Magic:  10/10      EV: 16    Int: 15    God:
Gold:   364        SH:  0    Dex: 18    Spells: 7/7 levels left

rFire   . . .        Y - +5 orcbow (flame)
rCold   . . .        (shield currently unavailable)
rNeg    . . .        i - +0 ring mail
rPois   .            (no helmet)
rElec   .            d - +0 cloak
rCorr   +            (no gloves)
SInv    .            (no boots)
Will    .....        (no amulet)
Stlth   +            e - ring of resist corrosion
HPRegen 0.28/turn    (no ring)
MPRegen 0.12/turn

%: no passive effects
@: lethally poisoned (-4 -> -23)
A: no striking features
a: no special abilities


You were on level 7 of the Dungeon.
You visited 2 branches of the dungeon, and saw 9 of its levels.

You collected 364 gold pieces.


   Skills:
 + Level 4.3 Fighting
 - Level 16.2 Ranged Weapons
 - Level 2.1 Armour
 - Level 11.1 Dodging
 - Level 1.2 Stealth


You had 7 spell levels left.
You didn't know any spells.
Your spell library was empty.

Inventory:

Hand Weapons
 Y - a +5 orcbow of flaming (weapon)
Armour
 d - a +0 cloak (worn)
 i - a +0 ring mail (worn)
Jewellery
 e - a ring of resist corrosion (left hand)
Wands
 f - a wand of digging (4)
Scrolls
 a - a scroll of identify
Potions
 c - 3 potions of curing
 g - 2 potions of enlightenment
 h - a potion of resistance

Dungeon Overview and Level Annotations

Branches:
Dungeon (8/15)             Temple (1/1) D:5
   Lair: D:8-11

Altars:
Ashenzari
Cheibriados
Dithmenos
Elyvilon
Fedhas
Gozag
Hepliaklqana
Kikubaaqudgha
Makhleb
Qazlal
Ru
Trog
Uskayaw
Vehumet
Wu Jian
Xom
Yredelemnul
Zin
The Shining One

Shops:
D:6 (


Message History

The orc closely misses you.
The orc wizard hits you but does no damage.
The orc misses you.
You shoot an arrow. The arrow barely misses the orc wizard.
You shoot an arrow. The arrow hits the orc wizard!
The arrow burns the orc wizard.
You kill the orc wizard!
The orc closely misses you. x2
You shoot an arrow. The arrow hits the orc!
The arrow burns the orc.
You kill the orc!
The orc closely misses you.
You shoot an arrow. The arrow hits the orc!!
The arrow burns the orc.
You kill the orc!
You start resting.
HP restored.
Done exploring.
(D) Dungeon (T) Temple
Where to? (* - list waypoints, Enter - D:8, ? - help)
What level of the Dungeon? (default 1, ? - help)
You climb downwards.
The orc warrior barely misses you.
The orc hits you with a +2 flail of venom!
You are poisoned.
The orc warrior misses you.
The orc hits you with a +2 flail of venom.
You are more poisoned.
There is a stone staircase leading up, spattered with blood here.
5283 ||| STAIRDANCE You feel very sick.
The orc warrior hits you with a +0 flail!
The orc hits you with a +2 flail of venom!
You are more poisoned.
You climb upwards.
You feel extremely sick.
There is a stone staircase leading down here.
You shoot an arrow.
The arrow hits the orc warrior but does no damage.
You feel very sick. The orc barely misses you.
The orc warrior hits you with a +0 flail.
You die...

############################
#...........................
#.##########################
#.##.ยค..........#...........
#.##.##########.#.###.......
#.##...###..................
#.##....##[####.##.##.######
#.##......o@).......#.#
##.##...####o##..##..#.######
#....................#.......
#..###########...#...########
#..##.# #......<........
#..##.########....###########
#..#...........#.............
#..###.##########..##########
#.......(...............(....


You could see an orc warrior and an orc.

Vanquished Creatures
  A wyvern (D:7)
  A steam dragon (D:6)
  A black bear (D:6)
  An ice beast (D:7)
  Blork the orc (D:5)
  2 bullfrogs (D:7)
  A gnoll sergeant (D:6)
  4 scorpions
  2 hounds
  A gnoll bouda (D:5)
  2 sleepcaps
  An iguana (D:5)
  5 orc wizards
  12 gnolls
  6 adders
  2 white imps
  An ufetubus (D:5)
  A dart slug (D:4)
  2 worms
  17 orcs
  9 endoplasms
  3 giant cockroaches
  10 hobgoblins
  13 jackals
  3 quokkas
  3 training dummies (D:6)
  14 ball pythons
  6 bats
  5 frilled lizards
  11 goblins
  8 kobolds
  8 rats
157 creatures vanquished.

Notes
Turn   | Place    | Note
-------+----------+-------------------------------------------
     0 | D:1      | qw the Deep Elf Hunter began the quest for the Orb.
     0 | D:1      | Reached XP level 1. HP: 12/12 MP: 3/3
     0 | D:1      | 0 ||| qw: Version: 0.3-a-9-g12657ce
     0 | D:1      | 0 ||| qw: Game counter: 2680
     0 | D:1      | 0 ||| qw: Always use a shield: true
     0 | D:1      | 0 ||| qw: God list: Okawaru
     0 | D:1      | 0 ||| qw: Allow faded altars: false
     0 | D:1      | 0 ||| qw: Do Orc after D:15 true
     0 | D:1      | 0 ||| qw: Do second Lair branch before Depths: true
     0 | D:1      | 0 ||| qw: Lair rune preference: random
     0 | D:1      | 0 ||| qw: Plans: Normal
     0 | D:1      | 0 ||| PLANNING D:1-11
   147 | D:1      | Reached XP level 2. HP: 15/16 MP: 4/4
   167 | D:1      | Reached skill level 6 in Ranged Weapons
   538 | D:1      | Reached XP level 3. HP: 20/20 MP: 5/5
   891 | D:1      | 891 ||| UPGRADING to ring of resist corrosion.
   892 | D:1      | 892 ||| READING 2 scrolls labelled WUG TUEFUFANE.
   893 | D:1      | 893 ||| READING scroll labelled JOPSOO TUMI.
   894 | D:1      | 894 ||| READING scroll labelled ZOSONASENGOWO.
   894 | D:1      | Identified a scroll of acquirement
   894 | D:1      | 894 ||| ACQUIRING +5 orcbow of flaming
   894 | D:1      | Acquired a +5 orcbow of flaming
   896 | D:1      | 896 ||| SWAPPING to +5 orcbow of flaming.
   897 | D:1      | 897 ||| DROPPING +0 shortbow.
   898 | D:1      | 898 ||| DROPPING scroll of butterflies.
   927 | D:2      | Reached skill level 7 in Ranged Weapons
  1021 | D:2      | Reached XP level 4. HP: 25/25 MP: 6/6
  1257 | D:2      | Reached skill level 8 in Ranged Weapons
  1306 | D:2      | 1306 ||| READING scroll labelled RAIKHL GUDIOTHRUIHU.
  1307 | D:2      | 1307 ||| READING scroll labelled VOYXAETRAH.
  1308 | D:2      | 1308 ||| READING scroll labelled CETOTIASAPP.
  1311 | D:2      | 1311 ||| READING 3 scrolls of identify.
  1311 | D:2      | 1311 ||| IDENTIFYING yellow potion
  1312 | D:2      | 1312 ||| DRINKING potion of experience.
  1312 | D:2      | Reached skill level 16 in Ranged Weapons
  1312 | D:2      | Reached XP level 5. HP: 29/29 MP: 7/7
  1313 | D:2      | 1313 ||| READING 2 scrolls of identify.
  1313 | D:2      | 1313 ||| IDENTIFYING bubbling yellow potion
  1427 | D:3      | 1427 ||| DRINKING potion of experience.
  1427 | D:3      | Reached XP level 6. HP: 34/34 MP: 8/8
  1764 | D:3      | 1764 ||| READING scroll labelled FOWUFI KAJONURPH.
  1765 | D:3      | 1765 ||| READING scroll labelled DEDUWI MURUHIOR.
  1766 | D:3      | 1766 ||| READING scroll labelled XOTYXE IGOTIO.
  1767 | D:3      | 1767 ||| DRINKING 2 viscous white potions.
  2161 | D:4      | Reached XP level 7. HP: 39/39 MP: 9/9
  2517 | D:4      | 2517 ||| UPGRADING to +0 scale mail.
  2527 | D:4      | 2527 ||| DROPPING +0 leather armour.
  2528 | D:4      | 2528 ||| UPGRADING to +0 cloak.
  2594 | D:5      | Entered Level 5 of the Dungeon
  2599 | D:5      | Noticed Blork the orc
  2602 | D:5      | Killed Blork the orc
  2646 | D:5      | Reached skill level 1 in Armour
  2773 | D:5      | Found a staircase to the Ecumenical Temple.
  2774 | D:5      | 2774 ||| PLANNING TEMPLE
  2774 | D:5      | 2774 ||| DRINKING 2 dark potions.
  2775 | D:5      | 2775 ||| READING 3 scrolls of identify.
  2775 | D:5      | 2775 ||| IDENTIFYING coppery potion
  2776 | D:5      | 2776 ||| DROPPING potion of attraction.
  2804 | Temple   | Entered the Ecumenical Temple
  2978 | Temple   | 2978 ||| PLANNING D:1-11
  3056 | D:5      | Identified the +7 dagger "Ackemumn" {venom, Str-4 Dex+5}
  3793 | D:5      | 3793 ||| UPGRADING to +0 ring mail.
  3803 | D:5      | 3803 ||| DROPPING +0 scale mail.
  3937 | D:6      | Reached XP level 8. HP: 45/45 MP: 10/10
  3943 | D:6      | Reached skill level 3 in Fighting
  4044 | D:6      | Found a shimmering altar of Xom.
  4197 | D:6      | Found Kyovuc's Firing Range.
  4442 | D:6      | 4442 ||| DRINKING 2 glowing emerald potions.
  4547 | D:6      | 4547 ||| DROPPING potion of berserk rage.
  5117 | D:7      | 5117 ||| READING scroll labelled DIOLUI QUVVYUG.
  5118 | D:7      | 5118 ||| READING scroll labelled YLLIEKH EDGHURI.
  5119 | D:7      | 5119 ||| READING 3 scrolls of identify.
  5119 | D:7      | 5119 ||| IDENTIFYING pink potion
  5120 | D:7      | 5120 ||| READING 2 scrolls of identify.
  5120 | D:7      | 5120 ||| IDENTIFYING purple potion
  5121 | D:7      | 5121 ||| DROPPING potion of brilliance.
  5122 | D:7      | 5122 ||| DROPPING potion of invisibility.
  5124 | D:7      | 5124 ||| Stepping ~*~*~tactically~*~*~ (cloud).
  5197 | D:8      | 5197 ||| STAIRDANCE
  5283 | D:8      | 5283 ||| STAIRDANCE
  5284 | D:7      | HP: 6/48 [poisoned by an orc]
  5285 | D:7      | HP: 1/48 [poisoned by an orc]
  5285 | D:7      | Slain by an orc warrior

Levels and vault maps discovered:
D:1:      dpeg_arrival_central, layout_loops_corners, serial_forest,
          infiniplex_forest_lined_room_3, infiniplex_forest_lined_3_way,
          infiniplex_forest_end_2, infiniplex_forest_side_room,
          infiniplex_forest_clump_diagonal, infiniplex_forest_lined_2
D:2:      layout_rooms, wander_ebering_terrifying_dragon_lair
D:3:      layout_basic, kennysheep_nub, chequers_serial_rivers_micro_c
D:4:      layout_cave_pods, st_stairs_12
D:5:      layout_layer_cave, temple_statues, uniq_blork_the_orc
D:6:      layout_basic, xom_butterflies, kennysheep_pointless_box,
          nicolae_shop_firing_range
D:7:      layout_basic, st_stairs_9
D:8:      layout_loops_ring, amcnicky_altar_gilded, nemelex_diamond_rough_becter
Temple:   nicolae_temple_bog_church

Skill      XL: |  1  2  3  4  5  6  7  8 |
---------------+-------------------------+-----
Ranged Weapons | 6 7 16 | 16.2
Dodging        | 11 | 11.1
Fighting       | 2 4 |  4.3
Armour         | 1 2 |  2.1
Stealth        | |  1.2

Action                     |  1- 3 |  4- 6 |  7- 9 || total
---------------------------+-------+-------+-------++-------
   Fire: Shortbow          |    58 |       |       ||    58
         Orcbow            |    14 |    67 |   134 ||   215
    Use: Scroll            |     3 |     8 |     5 ||    16
         Potion            |       |     3 |     2 ||     5
 Armour: Leather armour    |     2 |       |       ||     2
         Scale mail        |       |       |     5 ||     5
         Ring mail         |       |       |     6 ||     6
  Dodge: Dodged            |     5 |     1 |    29 ||    35

Table legend:
 A = Non-vault XP
 B = Vault XP
 C = Vault XP percentage of total XP
 D = Non-vault monster count
 E = Vault monster count
 F = Vault count percentage of total count
                 A         B        C        D         E       F
            +---------+---------+-------+---------+---------+-------
      Total |    2017 |     233 |  10.4 |     148 |       9 |   5.7
            +---------+---------+-------+---------+---------+-------
        D:1 |      51 |       0 |   0.0 |      34 |       0 |   0.0
        D:2 |     109 |       1 |   0.9 |      23 |       1 |   4.2
        D:3 |      55 |       0 |   0.0 |      24 |       0 |   0.0
        D:4 |     122 |       4 |   3.2 |      13 |       2 |  13.3
        D:5 |     425 |      91 |  17.6 |      28 |       1 |   3.4
        D:6 |     652 |       6 |   0.9 |      17 |       3 |  15.0
        D:7 |     603 |     131 |  17.8 |       9 |       2 |  18.2
            +---------+---------+-------+---------+---------+-------
